 Dungeon Crawl Stone Soup version 0.27-a0-1519-gc8121b24ce (webtiles) character file.

Game seed: 9281435889546106723

1825 Conn the Firebug (level 9, -4/54 HPs)
             Began as an Octopode Fire Elementalist on July 10, 2021.
             Slain by a manticore (7 damage)
             ... on level 6 of the Dungeon.
             The game lasted 00:19:13 (8013 turns).

Conn the Firebug (Octopode Fire Elementalist)       Turns: 8013, Time: 00:19:14

Health: -4/54      AC:  2    Str:  7    XL:     9   Next: 11%
Magic:  20/26      EV: 14    Int: 20    God:
Gold:   237        SH:  5    Dex: 13    Spells: 7/18 levels left

rFire    . . .     SeeInvis .   m - +0 flail (vorpal)
rCold    . . .     Faith    .   (no shield)
rNeg     . . .     Spirit   .   x - +1 hat
rPois    .         Reflect  +   w - amulet of reflection
rElec    .         Harm     .   v - ring of magical power
rCorr    .         Rampage  .   (no ring)
Will     .....                  (no ring)
Stlth    ++++......             (no ring)
HPRegen  0.18/turn              (no ring)
MPRegen  0.20/turn              (no ring)
                                (no ring)
                                (no ring)

@: no status effects
A: almost no armour, amphibious, 8 rings, camouflage 1, gelatinous body 1,
(nimble swimmer 1), tentacles
a: no special abilities


You were on level 6 of the Dungeon.
You visited 2 branches of the dungeon, and saw 7 of its levels.

You collected 237 gold pieces.

Inventory:

Hand Weapons
 a - a +0 dagger
 g - a +0 short sword
 m - a +0 vorpal flail (weapon)
Missiles
 i - a throwing net
 t - 3 poisoned darts
Armour
 x - a +1 hat (worn)
Magical Staves
 q - a staff of cold
Jewellery
 v - a ring of magical power (left tentacle)
 w - an amulet of reflection (around mantle)
Scrolls
 c - a scroll of torment {unknown}
 d - a scroll of brand weapon {unknown}
 e - a scroll of amnesia
 f - a scroll of blinking {unknown}
 h - a scroll of fog {unknown}
 j - a scroll of magic mapping {unknown}
 l - a scroll of noise {unknown}
 p - 6 scrolls of identify {unknown}
 r - a scroll of summoning {unknown}
 s - a scroll of enchant armour {unknown}
 y - a scroll of teleportation {unknown}
Potions
 n - a potion of flight
 u - a potion of haste {unknown}


   Skills:
 + Level 2.1 Fighting
 + Level 0.4 Short Blades
 + Level 1.7 Maces & Flails
 + Level 3.6 Dodging
 + Level 4.5 Stealth
 + Level 5.4 Spellcasting
 * Level 5.4 Conjurations
 + Level 0.1 Hexes
 * Level 7.2 Fire Magic


You had 7 spell levels left.
You knew the following spells:

 Your Spells              Type           Power      Damage    Failure   Level
a - Foxfire               Conj/Fire      100%       2x1d9     1%          1
b - Conjure Flame         Conj/Fire      30%        6-21      2%          3
c - Inner Flame           Hex/Fire       20%        N/A       8%          3
d - Sticky Flame          Conj/Fire      30%        2d5       9%          4

Your spell library contained the following spells:

 Spells                   Type           Power      Damage    Failure   Level
 Sublimation of Blood     Necr           2%         N/A       17%         2
 Wereblood                Tmut           5%         N/A       17%         2
 Fireball                 Conj/Fire      15%        3d8       24%         5
 Call Canine Familiar     Summ           5%         N/A       32%         3
 Portal Projectile        Hex/Tloc       10%        N/A       32%         3
 Leda's Liquefaction      Hex/Erth       2%         N/A       71%         4
 Summon Hydra             Summ           2%         N/A       100%        7


Dungeon Overview and Level Annotations

Branches:
Dungeon (6/15)             Temple (1/1) D:4

Altars:
Ashenzari
Cheibriados
Dithmenos
Fedhas
Gozag
Hepliaklqana
Makhleb
Nemelex Xobeh
Okawaru
Qazlal
Ru
Trog
Uskayaw
Vehumet
Wu Jian
Xom
Yredelemnul
Zin
The Shining One

Annotations:
D:6 Pikel


Innate Abilities, Weirdness & Mutations

You cannot wear most types of armour.
You are amphibious.
You can wear up to eight rings at the same time.
Your skin changes colour to match your surroundings (Stealth+).
Your rubbery body absorbs attacks. (AC +1, EV +1)
((You are camouflaged near water. (Stealth+)))
You have tentacles for arms and can constrict up to eight enemies at once.


Message History

Aiming: Sticky Flame (dangerous; 9% risk of failure)
Press: ? - help, Shift-Dir - straight line, f - manticore
Aim: a manticore (lightly wounded, 100% to hit)
The sticky flame hits the manticore.
The manticore is lightly wounded.
The manticore is covered in liquid flames!
You hear a shout!
The manticore burns!
An ogre comes into view. It is wielding a +0 giant spiked club.
You block the manticore's attack. The manticore closely misses you.
The manticore claws you!
Okay, then.
Okay, then.
Press: ? - help, v - describe, . - travel, g - get item
Here: Pikel, wielding a +2 whip of flaming and wearing a +2 robe Item here: 10 gold pieces.
The floor.
Unknown command.
Unknown command.
The ogre shouts!
You hit the manticore but do no damage. Your squeeze misses the manticore.
The manticore is moderately wounded.
The manticore burns!
The manticore bites you but does no damage.
The manticore claws you! x2
Unknown command.
As you read the scroll labelled FIADADDEKUA, it crumbles to dust.
It is a scroll of amnesia.
Really abort (and waste the scroll)?
Okay, then.
The manticore burns!
The manticore bites you!
* * * LOW HITPOINT WARNING * * *
The manticore barely misses you. You block the manticore's attack.
Okay, then.
This is a scroll of acquirement!
Something appears before you!
The manticore burns!
The manticore stops burning.
The manticore bites you.
* * * LOW HITPOINT WARNING * * *
The manticore completely misses you. The manticore claws you!
You die...

##.###..####.#####.
#.###..##......[..
#...#..##.#.######
#####...#..##.#.#
............#.#.#
#...........#.#.#
#..[.....#.#.#.#
##.#...#.#.§...# .
#@H.#.#..H..#
##§##........
#K##........
#5###.. .... #5#
#.. #O# ... ... .##


You could see a manticore, Pikel, an ogre and 2 lemures.

Vanquished Creatures
  Maggie (D:6)
  Eustachio (D:6)
  An ice beast (D:6)
  An ogre (D:6)
  2 sky beasts (D:5)
  2 phantoms
  A kobold brigand (D:4)
  A scorpion (D:5)
  A howler monkey (D:6)
  A bullfrog zombie (D:6)
  A centaur zombie (D:5)
  A hound (D:5)
  2 gnoll shamans
  A centaur skeleton (D:4)
  A jelly (D:4)
  3 bullfrog skeletons
  An iguana (D:4)
  Jessica (D:3)
  16 gnolls
  11 adders
  A white imp (D:5)
  An ufetubus (D:5)
  An adder skeleton (D:4)
  3 dart slugs
  A worm (D:3)
  An orc (D:3)
  6 ball pythons
  10 endoplasms
  3 giant cockroaches
  4 goblins
  14 hobgoblins
  4 jackals (D:4)
  5 quokkas
  3 bats
  3 frilled lizards (D:1)
  4 kobolds
  3 rats
  2 butterflies (D:4)
119 creatures vanquished.

Vanquished Creatures (others)
  467 foxfires
467 creatures vanquished.

Grand Total: 586 creatures vanquished

Notes
Turn   | Place    | Note
-------+----------+-------------------------------------------
     0 | D:1      | Conn the Octopode Fire Elementalist began the quest for the
                  | Orb.
     0 | D:1      | Reached XP level 1. HP: 11/11 MP: 3/3
   311 | D:2      | Reached XP level 2. HP: 6/17 MP: 3/5
   638 | D:2      | Reached XP level 3. HP: 21/21 MP: 3/6
   885 | D:1      | Found a faded altar of an unknown god.
  1312 | D:1      | Reached skill level 4 in Fire Magic
  1458 | D:1      | Reached XP level 4. HP: 27/27 MP: 2/7
  2351 | D:2      | Reached XP level 5. HP: 31/31 MP: 6/9
  3464 | D:3      | Noticed Jessica
  3472 | D:3      | Killed Jessica
  3627 | D:3      | Found a sacrificial altar of Ru.
  3864 | D:4      | Reached XP level 6. HP: 37/37 MP: 7/10
  3868 | D:4      | Learned a level 3 spell: Conjure Flame
  3872 | D:4      | Learned a level 3 spell: Inner Flame
  3877 | D:4      | Learned a level 4 spell: Sticky Flame
  4360 | D:4      | Found a staircase to the Ecumenical Temple.
  4367 | Temple   | Entered the Ecumenical Temple
  4713 | D:4      | Reached XP level 7. HP: 28/42 MP: 6/12
  5324 | D:4      | Reached skill level 5 in Fire Magic
  5647 | D:5      | Entered Level 5 of the Dungeon
  5893 | D:5      | Reached skill level 1 in Fighting
  6072 | D:5      | HP: 2/43 [bullfrog skeleton (3)]
  6571 | D:5      | Reached skill level 1 in Maces & Flails
  6571 | D:5      | Reached skill level 6 in Fire Magic
  6571 | D:5      | Reached XP level 8. HP: 42/48 MP: 7/14
  7292 | D:6      | Noticed Eustachio
  7336 | D:6      | Killed Eustachio
  7572 | D:6      | Reached skill level 5 in Spellcasting
  7765 | D:6      | Noticed Maggie
  7783 | D:6      | Killed Maggie
  7784 | D:6      | Reached skill level 5 in Conjurations
  7784 | D:6      | Reached skill level 7 in Fire Magic
  7784 | D:6      | Reached XP level 9. HP: 15/54 MP: 14/17
  7997 | D:6      | Noticed a manticore
  8005 | D:6      | Noticed Pikel
  8013 | D:6      | Identified a scroll of acquirement
  8013 | D:6      | Acquired a staff of fire
  8013 | D:6      | Slain by a manticore

Illustrated notes

Levels and vault maps discovered:
D:1:      dpeg_arrival_refuge, layout_basic, ebering_ecumenical_altar_box,
          grunt_decor_junction, minmay_cupped
D:2:      layout_basic, fountainhead, kennysheep_another_room
D:3:      layout_loops_ring, mainiacjoe_overflow_paths, st_stairs_2,
          uniq_jessica
D:4:      layout_cave_pools, minmay_temple_entry_butterflies
D:5:      layout_rooms
D:6:      layout_loops_ring, item_on_display_a, uniq_maggie, uniq_pikel,
          uniq_grinder, uniq_eustachio
Temple:   compressed_dpeg_circular_temple

Skill      XL: |  1  2  3  4  5  6  7  8 |
---------------+-------------------------+-----
Stealth        | 3 4 |  4.5
Fire Magic     | 4 6 7 |  7.2
Spellcasting   | 3 4 5 |  5.4
Conjurations   | 2 3 4 5 |  5.4
Dodging        | 3 |  3.6
Fighting       | 1 2 |  2.1
Maces & Flails | 1 |  1.7
Short Blades   | |  0.4
Hexes          | |  0.1

Action                   |  1- 3 |  4- 6 |  7- 9 || total
-------------------------+-------+-------+-------++-------
Melee: Dagger            |    26 |       |       ||    26
       Constrict         |     7 |     4 |     6 ||    17
       Unarmed           |     3 |       |       ||     3
       Tentacles         |     5 |     3 |     4 ||    12
       Short sword       |       |     3 |       ||     3
       Flail             |       |    16 |    19 ||    35
 Cast: Foxfire           |    40 |   106 |   114 ||   260
       Sticky Flame      |       |     1 |    12 ||    13
       Conjure Flame     |       |       |     6 ||     6
       Inner Flame       |       |       |     1 ||     1
  Use: Potion            |       |     4 |     5 ||     9
       Scroll            |       |       |     2 ||     2
 Stab: Sleeping          |     3 |     1 |     1 ||     5
Armor: Skin              |     2 |     7 |     7 ||    16
Dodge: Dodged            |    21 |    56 |    51 ||   128
Block: Other             |       |       |     7 ||     7

Table legend: (Time is in decaauts)
 A = Elapsed time spent in this place.
 B = Non-inter-level travel time spent in this place.
 C = Inter-level travel time spent in this place.
 D = Time resting spent in this place.
 E = Time spent auto-exploring this place.
 F = Levels seen in this place.
 G = Mean time per level.
                   A        B        C        D        E       F      G
               +--------+--------+--------+--------+--------+-----+--------+
         Total |   8027 |   7957 |     70 |   2730 |   3451 |   7 | 1146.7 |
       Dungeon |   7687 |   7617 |     70 |   2534 |   3451 |   6 | 1281.2 |
        Temple |    339 |    339 |      0 |    196 |      0 |   1 |  339.0 |
               +--------+--------+--------+--------+--------+-----+--------+

Top non-repeatable levels by time:
     D:2: 1830 daAuts
     D:4: 1348 daAuts
     D:5: 1329 daAuts
     D:3: 1279 daAuts
     D:1: 1034 daAuts
     D:6: 864 daAuts
  Temple: 339 daAuts
